 Dungeon Crawl Stone Soup version 0.31-a0-210-gccc998df9b (webtiles) character file.

Game seed: 2010119787076495137

41 qw the Shooter (level 3, -8/21 HPs)
             Began as a Gargoyle Hexslinger on June 29, 2023.
             Mangled by Sigmund
             ... wielding a +0 vampiric scythe
              (10 damage)
             ... on level 2 of the Dungeon.
             The game lasted 00:00:25 (1320 turns).

qw the Shooter (Gargoyle Hexslinger)                Turns: 1320, Time: 00:00:25

Health: -8/21      AC:  8    Str: 11    XL:     3   Next: 52%
Magic:  4/4        EV: 12    Int: 13    God:
Gold:   119        SH:  0    Dex: 14    Spells: 3/4 levels left

rFire   . . .        Y - +1 sling
rCold   . . .        (no shield)
rNeg    + . .        c - +0 robe
rPois   inf          (no helmet)
rElec   +            (no cloak)
rCorr   .            (no gloves)
SInv    .            h - +2 pair of boots
Will    .....        (no amulet)
Stlth   +            (no ring)
HPRegen 0.23/turn    (no ring)
MPRegen 0.09/turn

%: no passive effects
@: confused
A: sickness immunity, AC +3, negative energy resistance 1, electricity
resistance, torment resistance 1, petrification resistance
a: no special abilities


You were on level 2 of the Dungeon.
You visited 1 branch of the dungeon, and saw 2 of its levels.

You collected 119 gold pieces.


Innate Abilities, Weirdness & Mutations

You are immune to sickness and miasma.
Your stone body is resilient. (AC +3)
You are immune to poison.
You resist negative energy. (rN+)
You are resistant to electric shocks. (rElec)
You are resistant to unholy torment.
You are immune to petrification.


   Skills:
 - Level 2.0 Fighting
 + Level 3.4 Ranged Weapons
 - Level 1.5 Dodging
 - Level 1.0 Spellcasting
 - Level 2.6 Hexes


You had 3 spell levels left.
You knew the following spells:

 Your Spells              Type           Power      Damage    Failure   Level
a - Slow                  Hex            28%        N/A       10%         1

Your spell library contained the following spells:

 Spells                   Type           Power      Damage    Failure   Level
 Inner Flame              Hex/Fire       4%         N/A       43%         3
 Portal Projectile        Hex/Tloc       8%         N/A       43%         3
 Cause Fear               Hex            3%         N/A       67%         4

Inventory:

Hand Weapons
 Y - a +1 sling (weapon)
Armour
 c - a +0 robe (worn)
 h - a +2 pair of boots (worn)
Jewellery
 g - a ring of ice

Dungeon Overview and Level Annotations

Branches:
Dungeon (2/15)

Altars:

Annotations:
D:2 Sigmund


Message History

You are frozen.
You climb upwards.
There is a stone staircase leading down here.
Enter note:
Enter note:
Enter note: You shoot a sling bullet.
The sling bullet hits the endoplasm!
You kill the endoplasm!
You start resting.
HP restored.
Done exploring.
(D) Dungeon
Where to? (* - list waypoints, Enter - D:2, ? - help)
What level of the Dungeon? (default 1, ? - help)
You climb downwards.
There is a stone staircase leading up here.
Sigmund the Dreaded comes into view.
He is wielding a +0 vampiric scythe.
You see here a +0 orcbow.
You shoot a sling bullet. The sling bullet hits Sigmund.
Sigmund is lightly wounded.
You shoot a sling bullet. The sling bullet hits Sigmund.
Sigmund is moderately wounded.
You shoot a sling bullet. The sling bullet hits Sigmund.
Sigmund is moderately wounded.
You shoot a sling bullet. The sling bullet barely misses Sigmund.
Sigmund gestures at you while chanting.
You are confused.
Sigmund hits you from afar with a +0 vampiric scythe.
Sigmund casts a spell at you. The puff of flame hits you!
Sigmund hits you from afar with a +0 vampiric scythe.
Sigmund barely misses you.
You feel less confused. Sigmund closely misses you. Sigmund misses you.
Sigmund gestures at you while chanting.
You are confused.
Sigmund hits you from afar with a +0 vampiric scythe!
Sigmund hits you from afar with a +0 vampiric scythe!
You die...

.... .....#.#
....####......
...........#
###........#
#..........#
#.......%+
###+#...@..)<#..
................#
....##@#########
...............
.....##.##.####
.... #.# .. ...
#.. ## .. #.. .
#.. ....


You could see Sigmund.

Vanquished Creatures
  An adder (D:2)
  3 bats (D:1)
  2 endoplasms (D:1)
  A hobgoblin (D:1)
  6 jackals (D:1)
  A kobold (D:1)
  2 quokkas (D:1)
  4 ball pythons (D:1)
  A frilled lizard (D:1)
  4 goblins (D:1)
  4 rats (D:1)
29 creatures vanquished.

Notes
Turn   | Place    | Note
-------+----------+-------------------------------------------
     0 | D:1      | qw the Gargoyle Hexslinger began the quest for the Orb.
     0 | D:1      | Reached XP level 1. HP: 12/12 MP: 2/2
     0 | D:1      | 0 ||| qw: Version: 0.3-a-24-ga2abf7b
     0 | D:1      | 0 ||| qw: Game counter: 6963
     0 | D:1      | 0 ||| qw: Melee chars always use a shield: true
     0 | D:1      | 0 ||| qw: God list: Okawaru
     0 | D:1      | 0 ||| qw: Allow faded altars: false
     0 | D:1      | 0 ||| qw: Do Orc after clearing Dungeon:15 true
     0 | D:1      | 0 ||| qw: Do second Lair branch before Depths: true
     0 | D:1      | 0 ||| qw: Lair rune preference: random
     0 | D:1      | 0 ||| qw: Goals: Normal
     0 | D:1      | 0 ||| PLANNING D:1-11
   215 | D:1      | HP: 3/12 [jackal (1)]
   220 | D:1      | Reached XP level 2. HP: 5/16 MP: 3/3
   220 | D:1      | HP: 4/16 [jackal (1)]
   227 | D:1      | HP: 2/16 [rat (1)]
   391 | D:1      | Reached skill level 3 in Ranged Weapons
   744 | D:1      | Reached XP level 3. HP: 21/21 MP: 4/4
  1110 | D:1      | 1110 ||| UPGRADING to +2 pair of boots.
  1115 | D:1      | 1115 ||| READING scroll labelled HOHIEPR VIGEYN.
  1116 | D:1      | 1116 ||| READING scroll labelled SEMUAMM SUDDIA.
  1117 | D:1      | 1117 ||| READING scroll labelled CINNORE ZON SIAGIS.
  1118 | D:1      | 1118 ||| READING scroll labelled ZEFAPL PUZXI.
  1219 | D:1      | 1219 ||| DROPPING scroll of poison.
  1265 | D:2      | 1265 ||| STAIRDANCE
  1302 | D:2      | Noticed Sigmund
  1319 | D:2      | HP: 2/21 [Sigmund/+0 vampiric scythe (8)]
  1320 | D:2      | Mangled by Sigmund

Levels and vault maps discovered:
D:1:      dpeg_arrival_court, layout_basic
D:2:      layout_basic, minmay_pentomino_pile, uniq_sigmund

Skill      XL: |  1  2 |
---------------+-------+-----
Ranged Weapons | 3 |  3.4
Fighting       | 2 |  2.0
Dodging        | |  1.5
Spellcasting   | |  1.0
Hexes          | |  2.6

Action                     || total
---------------------------++-------
   Fire: Sling             ||   104
    Use: Scroll            ||     4
 Armour: Robe              ||    36
  Dodge: Dodged            ||    66

Table legend:
 A = Non-vault XP
 B = Vault XP
 C = Vault XP percentage of total XP
 D = Non-vault monster count
 E = Vault monster count
 F = Vault count percentage of total count
                 A         B        C        D         E       F
            +---------+---------+-------+---------+---------+-------
      Total |      59 |       0 |   0.0 |      29 |       0 |   0.0
            +---------+---------+-------+---------+---------+-------
        D:1 |      45 |       0 |   0.0 |      28 |       0 |   0.0
        D:2 |      14 |       0 |   0.0 |       1 |       0 |   0.0
            +---------+---------+-------+---------+---------+-------
